 Dungeon Crawl Stone Soup version 0.21-a0-521-g1cd18d1 (webtiles) character file.

143 solxrula the Cudgeler (level 5, -1/78 HPs)
             Began as a Troll Berserker on Dec 6, 2017.
             Was a Believer of Trog.
             Succumbed to an adder's poison
             ... on level 4 of the Dungeon.
             The game lasted 00:08:46 (1703 turns).

solxrula the Cudgeler (Troll Berserker)             Turns: 1703, Time: 00:08:47

Health: -1/78      AC:  6    Str: 29 (31) XL:     5   Next: 4%
Magic:  1/1        EV: 10    Int:  0 (3)  God:    Trog [**....]
Gold:   147        SH:  0    Dex:  9      Spells: 4/4 levels left

rFire    . . .     SeeInvis .   n - +1 flail (antimagic)
rCold    . . .     Gourm    +   (no shield)
rNeg     . . .     Faith    .   b - +0 animal skin
rPois    .         Spirit   .   (helmet restricted)
rElec    .         Reflect  .   (no cloak)
rCorr    .         Harm     .   (gloves unavailable)
MR       .....                  (boots unavailable)
Stlth    ..........             (no amulet)
HPRegen  0.63/turn              (no ring)
MPRegen  0.07/turn              (no ring)

@: berserking (expiring), lethally poisoned (-1 -> -12), slowed, lost
intelligence
A: large, unfitting armour, claws 3, fast metabolism 3, gourmand, sense
surroundings 1, regeneration 1, shaggy fur 2, tough skin 2
a: Berserk, Trog's Hand, Burn Spellbooks, Renounce Religion


You were on level 4 of the Dungeon.
You worshipped Trog.
Trog was pleased with you.
You were very full.

You visited 1 branch of the dungeon, and saw 4 of its levels.

You collected 147 gold pieces.

Inventory:

Hand Weapons
 a - a +0 mace
 n - a +1 antimagic flail (weapon)
Armour
 b - a +0 animal skin (worn)
Comestibles
 c - 3 bread rations
 f - 2 royal jellies
 i - 2 meat rations


   Skills:
 + Level 2.9 Fighting
 * Level 4.5 Maces & Flails
 + Level 3.0 Dodging


You had 4 spell levels left.
You didn't know any spells.

Dungeon Overview and Level Annotations

Branches:
Dungeon (4/15)
 Temple: D:4-7

Altars:
Ashenzari
Vehumet

Annotations:
D:4 Robin


Innate Abilities, Weirdness & Mutations

You are too large for most types of armour.
You have claws for hands.
Your metabolism is lightning-fast.
You like to eat raw meat.
Your natural rate of healing is unusually fast.
You are covered in thick fur. (AC +2)
You have very tough skin. (AC +2)
You passively map a small area around you.


Message History

The adder bites you but does no damage.
You closely miss the adder.
You feel sick. The adder closely misses you.
The adder bites you but does no damage. The adder bites you.
* * * LOW HITPOINT WARNING * * *
You are more poisoned.
The adder poisons you!
You closely miss the adder.
* * * LOW HITPOINT WARNING * * *
You feel sick. The adder closely misses you. The adder bites you.
* * * LOW HITPOINT WARNING * * *
You are more poisoned.
The adder poisons you! The adder barely misses you.
You sock the adder!
You kill the adder!
Trog accepts your kill.
You have reached level 5!
* * * LOW HITPOINT WARNING * * *
You feel sick. The adder closely misses you.
You miss the adder.
You die...

≈ * #...<..# ≈ ≈
#......# , ≈ ,
#......# ,
#<.....# .'....#
###.)### .'....#
#.)..# ≈ ≈ #....#
##....#
#....#####.....#
≈
≈#....##@.......#
#....#S†###....#
,#.....####.####
* ##......##.# ,
#......#.......#
.......#.......#
.#.....#.......#
#.....#>......#
#.....#.#######


You could see an adder.

Vanquished Creatures
  An orc priest (D:3)
  An orc wizard (D:3)
  3 adders
  An adder skeleton (D:4)
  2 worms
  2 dart slugs (D:1)
  A leopard gecko (D:3)
  3 orcs (D:3)
  A ball python (D:1)
  2 giant cockroaches
  8 goblins
  4 hobgoblins
  2 jackals (D:3)
  4 bats
  3 frilled lizards
  2 kobolds
  6 rats
46 creatures vanquished.

Notes
Turn   | Place    | Note
-------+----------+-------------------------------------------
     0 | D:1      | solxrula the Troll Berserker began the quest for the Orb.
     0 | D:1      | Reached XP level 1. HP: 22/22 MP: 0/0
   197 | D:1      | Reached skill level 3 in Maces & Flails
   200 | D:1      | Reached XP level 2. HP: 29/29 MP: 1/1
   684 | D:2      | You fall through a shaft!
   773 | D:3      | Found a shattered altar of Ashenzari.
   872 | D:3      | Found a radiant altar of Vehumet.
   935 | D:3      | Reached XP level 3. HP: 34/36 MP: 2/2
  1288 | D:3      | Reached ** piety under Trog
  1386 | D:3      | Reached XP level 4. HP: 27/44 MP: 3/3
  1395 | D:3      | Reached skill level 4 in Maces & Flails
  1549 | D:3      | Lost intelligence.
  1553 | D:3      | Gained mutation: You passively map a small area around you. [potion of mutation]
  1553 | D:3      | Gained mutation: You are covered in thick fur. (AC +2) [potion of mutation]
  1624 | D:4      | Noticed Robin
  1701 | D:4      | HP: 2/66 [adder (2)]
  1702 | D:4      | Reached XP level 5. HP: 3/52 MP: 1/4
  1703 | D:4      | Succumbed to an adder's poison

Vault maps used:
D:1:      kilobyte_arrival_exit_the_forest, minmay_box_of_dots
D:2:      minmay_misc_feat_hallway
D:3:      vehumet_crystals, evilmike_ruin_ashenzari
D:4:      kennysheep_big_flooded_room, kennysheep_mini, first_bread,
          enter_ossuary_4, guppyfry_early_lair_pool, uniq_robin, uniq_pikel,
          uniq_ijyb

Skill      XL: |  1  2  3  4 |
---------------+-------------+-----
Maces & Flails | 3 4 |  4.5
Dodging        | 3 |  3.0
Fighting       | |  2.9

Action                   |  1- 3 |  4- 6 || total
-------------------------+-------+-------++-------
Melee: Mace              |    90 |    10 ||   100
       Flail             |       |    39 ||    39
Invok: Berserk           |     1 |     1 ||     2
  Use: Scroll            |     1 |     4 ||     5
       Potion            |     1 |     4 ||     5
  Eat: Chunk             |    18 |     4 ||    22
Armor: Animal skin       |    30 |    29 ||    59
Dodge: Dodged            |    43 |    59 ||   102

Table legend:
 A = Spawn XP
 B = Non-spawn XP
 C = Spawn XP percentage of total XP
 D = Spawn monster count
 E = Non-spawn monster count
 F = Spawn count percentage of total count
 G = Total turns spent on level
                    A         B        C        D         E        F      G
               +---------+---------+-------+---------+---------+-------+---------
         Total |       0 |     205 |   0.0 |       0 |      46 |   0.0 |  1703
               +---------+---------+-------+---------+---------+-------+---------
           D:1 |       0 |      20 |   0.0 |       0 |      11 |   0.0 |   627
           D:2 |       0 |       3 |   0.0 |       0 |       2 |   0.0 |    57
           D:3 |       0 |     141 |   0.0 |       0 |      26 |   0.0 |   943
           D:4 |       0 |      41 |   0.0 |       0 |       7 |   0.0 |    76
               +---------+---------+-------+---------+---------+-------+---------
